Golden Knights vs Predators

Created - 17 novembre 2020 at 12:29

Goals
1 2 3 T
Golden Knights 0 1 0 1
Predators 1 1 1 3
Shots
1 2 3 T
Golden Knights 21 9 8 38
Predators 8 24 6 38

1st period

1. Predators , Carl Soderberg 2 (Patrick Marleau 1) at 14:55

Penalties :
No Penalty

2nd period

2. Predators , Brayden Point 3 (Aleksander Barkov 1) at 1:22 (PP)
3. Golden Knights , Blake Coleman 1 (Brock Boeser 3, Evgeni Malkin 1) at 17:50

Penalties :
Ryan Pulock (VGK) for Tripping (Minor) at 1:11, Byron Froese (VGK) for Holding Stick (Minor) at 3:43, Nic Dowd (VGK) for Tripping (Minor) at 9:59, William Nylander (NSH) for Cross-checking (Minor) at 18:15

3rd period

4. Predators , Jay Bouwmeester 1 (Vladislav Gavrikov 2) at 19:36 (Empty Net)

Penalties :
Austin Czarnik (NSH) for Holding (Minor) at 10:16, Brendan Lemieux (NSH) for Boarding (Minor) at 12:25

Goalie Stats

Connor Hellebuyck (VGK), 35 saves from 37 shots - (0,946), L, 2-2-0, 59:52 minutes
Troy Grosenick (NSH), 37 saves from 38 shots - (0,974), W, 1-2-0, 60:00 minutes

Players Stats for Golden Knights

Player Name              G  A  P  +/- PIM S  H  SB GA TA FO     MP     PP MP  PK MP  
------------------------------------------------------------------------------------
Antoine Roussel          0  0  0   0  0   8  1  0  2  0  0/1    12:06   0:13   0:00 
Austin Watson            0  0  0   0  0   1  2  0  0  0  0/0    13:18   0:10   1:12 
Blake Coleman            1  0  1   0  0   1  3  0  0  1  2/8    20:57   3:05   2:32 
Brock Boeser             0  1  1  -1  0   3  1  0  3  1  0/0    19:00   3:05   0:00 
Byron Froese             0  0  0   0  2   2  0  0  0  0  1/3     6:39   0:00   0:00 
Daniel O'Regan           0  0  0   0  0   1  1  0  0  0  0/0     7:07   0:00   0:32 
Derek Stepan             0  0  0  -1  0   2  0  0  1  0  8/11   21:44   3:02   2:32 
Drake Caggiula           0  0  0   0  0   4  3  0  0  0  0/0     6:35   0:00   0:00 
Dustin Byfuglien         0  0  0  -1  0   2  0  0  2  2  0/0    21:18   3:48   0:25 
Evgeni Malkin            0  1  1  -1  0   3  1  0  1  0  11/26  18:53   2:42   0:13 
Korbinian Holzer         0  0  0   0  0   3  2  0  0  0  0/0    16:04   0:00   1:28 
Kris Russell             0  0  0   1  0   3  1  0  0  1  0/0    22:32   2:19   2:41 
Lance Bouma              0  0  0   0  0   0  0  0  0  0  0/0     0:00   0:00   0:00 
Mark Barberio            0  0  0  -1  0   2  0  0  0  1  0/0    14:31   0:00   0:00 
Nic Dowd                 0  0  0   0  2   0  0  0  0  1  8/14   12:53   0:00   0:52 
Ondrej Palat             0  0  0   0  0   2  1  1  1  0  0/0    17:58   2:42   0:00 
P.K. Subban              0  0  0  -2  0   0  5  2  0  0  0/0    23:44   3:38   1:28 
Phil Kessel              0  0  0   0  0   1  1  0  2  1  0/1    17:58   2:42   0:00 
Ryan Pulock              0  0  0   1  2   0  2  0  0  1  0/0    22:31   2:19   2:41 

Players Stats for Predators

Player Name              G  A  P  +/- PIM S  H  SB GA TA FO     MP     PP MP  PK MP  
------------------------------------------------------------------------------------
Aleksander Barkov        0  1  1  -1  0   5  1  0  0  0  18/33  19:16   3:14   0:00 
Anthony Duclair          0  0  0   1  0   5  1  0  1  0  0/2    16:12   0:55   0:56 
Austin Czarnik           0  0  0   0  2   1  0  0  0  0  2/3    10:16   0:00   2:10 
Brayden Point            1  0  1  -1  0   4  1  2  2  0  2/3    20:12   3:14   0:47 
Brendan Lemieux          0  0  0   1  2   1  2  0  1  0  0/2    12:53   0:00   1:02 
Carl Soderberg           1  0  1   1  0   4  2  0  0  1  6/10   14:48   0:55   0:00 
Colin Wilson             0  0  0   1  0   3  0  1  0  0  3/7    13:45   0:00   1:57 
Jaccob Slavin            0  0  0  -1  0   0  2  3  0  2  0/0    21:59   3:10   0:00 
Jay Bouwmeester          1  0  1   2  0   2  2  0  0  3  0/0    23:32   0:59   3:43 
Kevin Connauton          0  0  0   0  0   0  1  0  0  0  0/0    14:29   0:00   2:14 
Mark Jankowski           0  0  0   0  0   0  1  2  0  0  1/2     9:21   0:00   1:45 
Matthew Nieto            0  0  0   1  0   1  1  0  1  0  0/0    11:24   0:00   0:00 
Patrick Marleau          0  1  1   1  0   3  0  0  0  0  1/1    14:48   0:55   0:00 
Robert Bortuzzo          0  0  0   0  0   0  2  0  0  1  0/0    14:29   0:00   2:14 
Samuel Girard            0  0  0  -1  0   1  0  3  1  0  0/0    21:59   3:10   0:00 
Sven Baertschi           0  0  0   0  0   1  1  2  2  2  0/0    11:24   0:00   3:17 
Vladislav Gavrikov       0  1  1   2  0   3  2  2  0  3  0/0    23:32   0:59   3:43 
William Nylander         0  0  0  -1  2   4  3  0  1  0  1/1    19:41   3:14   0:00 

3 Stars

1 - Troy Grosenick (NSH)
2 - Jay Bouwmeester (NSH)
3 - Carl Soderberg (NSH)

Power Play

Golden Knights - 0 on 3 Attempt(s) - 0,00%
Predators - 1 on 3 Attempt(s) - 33,33%

Penalty Kill

Golden Knights - 2 on 3 Attempt(s) - 66,67% - Score 0 goal in Penalty Kill
Predators - 3 on 3 Attempt(s) - 100,00% - Score 0 goal in Penalty Kill

Team Stat

Golden Knights - Hits : 24 - Faceoff Wins : 30 - Blocked Shots : 3 - Penalty Minutes : 6
Predators - Hits : 22 - Faceoff Wins : 34 - Blocked Shots : 15 - Penalty Minutes : 6

Official

Referees : Eric Furlatt and Dan O'Halloran
Linesman : Darren Gibbs and Jaime Alary

Game Notes

0:14 of 2nd period - Predators goal is going for a video replay. After video review, No Goal. The net was displaced accidentally.
Jay Bouwmeester has scored in a empty net!

Finance

Level 1 -- Attendance: 6000 (100,00%) -- Ticket Income 570 000 $
Level 2 -- Attendance: 4060 (81,20%) -- Ticket Income 263 900 $
Level 3 -- Attendance: 1606 (80,30%) -- Ticket Income 64 240 $
Level 4 -- Attendance: 2971 (74,28%) -- Ticket Income 74 275 $
Luxury Box -- Attendance: 922 (92,20%) -- Ticket Income 161 350 $
Game was played at the Bridgestone arena.
Total Attendance: 15559 (86,44%)
Total Ticket Income: 1 133 765 $
Other Income: 555 545 $
Total Income: 1 689 310 $

Golden Knights

5 vs 5 Forward 
   Center                   Left Wing                Right Wing               Time % Phy DF OF 
 1 Evgeni Malkin            Blake Coleman            Brock Boeser             37     0   1  4  
 2 Derek Stepan             Ondrej Palat             Phil Kessel              36     0   2  3  
 3 Nic Dowd                 Antoine Roussel          Austin Watson            26     0   3  2  
 4 Byron Froese             Drake Caggiula           Daniel O'Regan           1      0   4  1  

5 vs 5 Defense 
   Defense                  Defense                                           Time % Phy DF OF 
 1 Dustin Byfuglien         P.K. Subban                                       36     0   1  4  
 2 Ryan Pulock              Kris Russell                                      34     0   2  3  
 3 Korbinian Holzer         Mark Barberio                                     25     0   3  2  
 4 Korbinian Holzer         P.K. Subban                                       5      0   4  1  

PowerPlay Forward 
   Center                   Left Wing                Right Wing               Time % Phy DF OF 
 1 Evgeni Malkin            Ondrej Palat             Phil Kessel              55     0   1  4  
 2 Derek Stepan             Blake Coleman            Brock Boeser             45     0   1  4  

PowerPlay Defense
   Defense                  Defense                                           Time % Phy DF OF 
 1 Dustin Byfuglien         P.K. Subban                                       55     0   2  3  
 2 Ryan Pulock              Kris Russell                                      45     0   2  3  

Penalty Kill 4 Players Forward 
   Center                   Wing                     Time % Phy DF OF 
 1 Blake Coleman            Derek Stepan             60     0   3  2  
 2 Nic Dowd                 Austin Watson            40     0   3  2  

Penalty Kill 4 Players Defense
   Defense                  Defense                  Time % Phy DF OF 
 1 Kris Russell             Ryan Pulock              55     0   4  1  
 2 Korbinian Holzer         P.K. Subban              45     0   4  1  

Penalty Kill - 3 Players Forward 
   Forward                                           Time % Phy DF OF 
 1 Blake Coleman                                     55     0   3  2  
 2 Austin Watson                                     45     0   3  2  

Penalty Kill - 3 Players Defense
   Defense                  Defense                  Time % Phy DF OF 
 1 Kris Russell             Ryan Pulock              55     0   4  1  
 2 P.K. Subban              Korbinian Holzer         45     0   4  1  

4 vs 4 Forward 
   Center                   Wing                     Time % Phy DF OF 
 1 Evgeni Malkin            Phil Kessel              55     0   2  3  
 2 Derek Stepan             Brock Boeser             45     0   2  3  

4 vs 4 Defense
   Defense                  Defense                  Time % Phy DF OF 
 1 Dustin Byfuglien         P.K. Subban              55     0   2  3  
 2 Ryan Pulock              Kris Russell             45     0   2  3  

Last Minutes Offensive
   Center                   Left Wing                Right Wing               Defense                  Defense                  
   Evgeni Malkin            Derek Stepan             Brock Boeser             Ryan Pulock              P.K. Subban              

Last Minutes Defensive
   Center                   Left Wing                Right Wing               Defense                  Defense                  
   Evgeni Malkin            Derek Stepan             Blake Coleman            Ryan Pulock              P.K. Subban              

Goaltenders
Starting : Connor Hellebuyck        
Backup : Carter Hutton            

Extra Forwards
Normal : Byron Froese, Nic Dowd, Drake Caggiula - PP : Antoine Roussel, Austin Watson - PK : Daniel O'Regan
Extra Defensemen
Normal : Kris Russell, P.K. Subban, Mark Barberio - PP : Kris Russell - PK : Ryan Pulock, Korbinian Holzer
Penalty Shots
Evgeni Malkin, Brock Boeser, Phil Kessel, Blake Coleman, Derek Stepan
Custom OT Lines Forwards
Evgeni Malkin, Blake Coleman, Brock Boeser, Derek Stepan, Phil Kessel, Ondrej Palat, Antoine Roussel, Nic Dowd, Drake Caggiula, Daniel O'Regan
Custom OT Lines Defensemen
Ryan Pulock, P.K. Subban, Dustin Byfuglien, Kris Russell, Mark Barberio

Scratches
Gustav Lindstrom (Healthy), Louis Domingue (Healthy)

Predators

5 vs 5 Forward 
   Center                   Left Wing                Right Wing               Time % Phy DF OF 
 1 Aleksander Barkov        Brayden Point            William Nylander         36     0   1  4  
 2 Carl Soderberg           Anthony Duclair          Patrick Marleau          32     1   1  3  
 3 Colin Wilson             Matthew Nieto            Brendan Lemieux          22     2   2  1  
 4 Mark Jankowski           Sven Baertschi           Austin Czarnik           10     3   2  0  

5 vs 5 Defense 
   Defense                  Defense                                           Time % Phy DF OF 
 1 Jaccob Slavin            Samuel Girard                                     40     1   1  3  
 2 Jay Bouwmeester          Vladislav Gavrikov                                38     1   1  3  
 3 Kevin Connauton          Robert Bortuzzo                                   22     2   2  1  
 4 Jay Bouwmeester          Vladislav Gavrikov                                0      1   2  2  

PowerPlay Forward 
   Center                   Left Wing                Right Wing               Time % Phy DF OF 
 1 Aleksander Barkov        Brayden Point            William Nylander         55     0   0  5  
 2 Carl Soderberg           Anthony Duclair          Patrick Marleau          45     0   0  5  

PowerPlay Defense
   Defense                  Defense                                           Time % Phy DF OF 
 1 Jaccob Slavin            Samuel Girard                                     60     1   0  4  
 2 Jay Bouwmeester          Vladislav Gavrikov                                40     1   0  4  

Penalty Kill 4 Players Forward 
   Center                   Wing                     Time % Phy DF OF 
 1 Austin Czarnik           Sven Baertschi           55     1   4  0  
 2 Colin Wilson             Brendan Lemieux          45     1   4  0  

Penalty Kill 4 Players Defense
   Defense                  Defense                  Time % Phy DF OF 
 1 Jay Bouwmeester          Vladislav Gavrikov       60     1   4  0  
 2 Kevin Connauton          Robert Bortuzzo          40     1   4  0  

Penalty Kill - 3 Players Forward 
   Forward                                           Time % Phy DF OF 
 1 Austin Czarnik                                    55     0   5  0  
 2 Colin Wilson                                      45     0   5  0  

Penalty Kill - 3 Players Defense
   Defense                  Defense                  Time % Phy DF OF 
 1 Jay Bouwmeester          Vladislav Gavrikov       60     1   4  0  
 2 Kevin Connauton          Robert Bortuzzo          40     1   4  0  

4 vs 4 Forward 
   Center                   Wing                     Time % Phy DF OF 
 1 Aleksander Barkov        Brayden Point            55     0   1  4  
 2 Carl Soderberg           Anthony Duclair          45     0   1  4  

4 vs 4 Defense
   Defense                  Defense                  Time % Phy DF OF 
 1 Jaccob Slavin            Samuel Girard            60     0   1  4  
 2 Jay Bouwmeester          Vladislav Gavrikov       40     0   1  4  

Last Minutes Offensive
   Center                   Left Wing                Right Wing               Defense                  Defense                  
   Aleksander Barkov        Anthony Duclair          William Nylander         Jaccob Slavin            Samuel Girard            

Last Minutes Defensive
   Center                   Left Wing                Right Wing               Defense                  Defense                  
   Colin Wilson             Matthew Nieto            Brendan Lemieux          Jay Bouwmeester          Vladislav Gavrikov       

Goaltenders
Starting : Troy Grosenick           
Backup : Connor Ingram            

Extra Forwards
Normal : Aleksander Barkov, Brayden Point, Brendan Lemieux - PP : Colin Wilson, Brendan Lemieux - PK : Mark Jankowski
Extra Defensemen
Normal : Jaccob Slavin, Vladislav Gavrikov, Kevin Connauton - PP : Kevin Connauton - PK : Jaccob Slavin, Samuel Girard
Penalty Shots
Aleksander Barkov, Brendan Lemieux, Austin Czarnik, Brayden Point, Anthony Duclair
Custom OT Lines Forwards
Aleksander Barkov, William Nylander, Brayden Point, Anthony Duclair, Matthew Nieto, Mark Jankowski, Kevin Connauton, Carl Soderberg, Patrick Marleau, Sven Baertschi
Custom OT Lines Defensemen
Jaccob Slavin, Samuel Girard, Vladislav Gavrikov, Jay Bouwmeester, Kevin Connauton

Scratches
Brad Hunt (Healthy), Jordan Weal (Healthy), Jonas Johansson (Healthy)

% Time on Ice - Golden Knights

Lines # - Real PCT - Wanted PCT - Time Play
Normal Forward
1 - 31% - 37% - 15:23
2 - 31% - 36% - 15:24
3 - 24% - 26% - 11:45
4 - 13% - 1% - 6:35
Normal Defense
1 - 36% - 36% - 17:35
2 - 34% - 34% - 16:56
3 - 28% - 25% - 13:44
4 - 2% - 5% - 0:52
PP Forward
1 - 45% - 55% - 2:42
2 - 55% - 45% - 3:15
PP Defense
1 - 61% - 55% - 3:38
2 - 39% - 45% - 2:19
PK Forward
1 - 71% - 60% - 2:57
2 - 29% - 40% - 1:12
PK Defense
1 - 65% - 55% - 2:41
2 - 35% - 45% - 1:28
PK3 Forward
1 - 0% - 55%
2 - 0% - 45%
PK3 Defense
1 - 0% - 55%
2 - 0% - 45%
44 Forward
1 - 0% - 55%
2 - 0% - 45%
44 Defense
1 - 0% - 55%
2 - 0% - 45%
Last Minute Offensive  - 0:47
Last Minute Defensive  - 0:00
Total
Forward - 60:00
Defense - 60:00

% Time on Ice - Predators

Lines # - Real PCT - Wanted PCT - Time Play
Normal Forward
1 - 34% - 36% - 16:33
2 - 29% - 32% - 14:21
3 - 22% - 22% - 10:34
4 - 15% - 10% - 7:36
Normal Defense
1 - 39% - 40% - 19:20
2 - 37% - 38% - 18:03
3 - 24% - 22% - 11:41
4 - 0% - 0% - 0:00
PP Forward
1 - 78% - 55% - 3:14
2 - 22% - 45% - 0:55
PP Defense
1 - 76% - 60% - 3:10
2 - 24% - 40% - 0:59
PK Forward
1 - 64% - 55% - 3:49
2 - 36% - 45% - 2:08
PK Defense
1 - 62% - 60% - 3:43
2 - 38% - 40% - 2:14
PK3 Forward
1 - 0% - 55%
2 - 0% - 45%
PK3 Defense
1 - 0% - 60%
2 - 0% - 40%
44 Forward
1 - 0% - 55%
2 - 0% - 45%
44 Defense
1 - 0% - 60%
2 - 0% - 40%
Last Minute Offensive  - 0:00
Last Minute Defensive  - 0:50
Total
Forward - 60:00
Defense - 60:00

Play-by-Play

1st period


0:01 of 1st period - Evgeni Malkin wins face-off versus Aleksander Barkov in neutral zone.
1:11 of 1st period - Wrist shot by Nic Dowd.
1:11 of 1st period - Shot Blocked by Sven Baertschi.
1:54 of 1st period - Off-side.
1:55 of 1st period - Derek Stepan wins face-off versus Carl Soderberg in neutral zone.
2:28 of 1st period - Wrist shot by Phil Kessel.
2:28 of 1st period - Shot Misses the Net.
2:34 of 1st period - Snap shot by Phil Kessel.
2:34 of 1st period - Shot Misses the Net.
2:50 of 1st period - Backhand shot by Ondrej Palat.
2:50 of 1st period - Shot Blocked by Sven Baertschi.
3:02 of 1st period - Slapshot by Austin Czarnik.
3:02 of 1st period - Stopped by Connor Hellebuyck without a rebound.
3:03 of 1st period - Aleksander Barkov wins face-off versus Nic Dowd in Golden Knights zone.
3:34 of 1st period - Robert Bortuzzo is hit by Evgeni Malkin and loses puck.
3:52 of 1st period - Samuel Girard is hit by Drake Caggiula and loses puck.
3:59 of 1st period - Snap shot by Dustin Byfuglien.
3:59 of 1st period - Shot Misses the Net.
4:01 of 1st period - Snap shot by Dustin Byfuglien.
4:01 of 1st period - Stopped by Troy Grosenick without a rebound.
4:02 of 1st period - Aleksander Barkov wins face-off versus Nic Dowd in Predators zone.
4:28 of 1st period - Anthony Duclair is hit by P.K. Subban and loses puck.
4:50 of 1st period - Off-side.
4:51 of 1st period - Derek Stepan wins face-off versus Colin Wilson in neutral zone.
4:56 of 1st period - Matthew Nieto is hit by Ondrej Palat and loses puck.
5:03 of 1st period - Wrist shot by Ondrej Palat.
5:03 of 1st period - Shot Misses the Net.
5:05 of 1st period - Snap shot by Derek Stepan.
5:05 of 1st period - Shot Blocked by Jaccob Slavin.
5:07 of 1st period - Slapshot by Derek Stepan.
5:07 of 1st period - Stopped by Troy Grosenick with a rebound.
5:19 of 1st period - Slapshot by Antoine Roussel.
5:19 of 1st period - Stopped by Troy Grosenick with a rebound.
5:21 of 1st period - Snap shot by Austin Watson.
5:21 of 1st period - Shot Misses the Net.
5:23 of 1st period - Slapshot by Antoine Roussel.
5:23 of 1st period - Shot Blocked by Samuel Girard.
5:25 of 1st period - Slapshot by Kris Russell.
5:25 of 1st period - Stopped by Troy Grosenick with a rebound.
5:27 of 1st period - Wrist shot by Nic Dowd.
5:27 of 1st period - Shot Blocked by Jaccob Slavin.
5:29 of 1st period - Wrist shot by Nic Dowd.
5:29 of 1st period - Deflect By Antoine Roussel.
5:29 of 1st period - Stopped by Troy Grosenick with a rebound.
6:46 of 1st period - Off-side.
6:47 of 1st period - Nic Dowd wins face-off versus Aleksander Barkov in neutral zone.
6:56 of 1st period - Slapshot by William Nylander.
6:56 of 1st period - Stopped by Connor Hellebuyck with a rebound.
6:58 of 1st period - Slapshot by Jay Bouwmeester.
6:58 of 1st period - Stopped by Connor Hellebuyck without a rebound.
6:59 of 1st period - Aleksander Barkov wins face-off versus Evgeni Malkin in Golden Knights zone.
7:24 of 1st period - William Nylander is hit by P.K. Subban and loses puck.
7:29 of 1st period - Backhand shot by Ondrej Palat.
7:29 of 1st period - Shot Blocked by Vladislav Gavrikov.
7:31 of 1st period - Snap shot by Kris Russell.
7:31 of 1st period - Stopped by Troy Grosenick with a rebound.
7:33 of 1st period - Slapshot by Kris Russell.
7:33 of 1st period - Deflect By William Nylander.
7:33 of 1st period - Stopped by Troy Grosenick with a rebound.
7:48 of 1st period - Icing by Jay Bouwmeester.
7:49 of 1st period - Nic Dowd wins face-off versus Carl Soderberg in Predators zone.
7:52 of 1st period - Snap shot by Antoine Roussel.
7:52 of 1st period - Stopped by Troy Grosenick with a rebound.
7:54 of 1st period - Slapshot by Korbinian Holzer.
7:54 of 1st period - Shot Misses the Net.
7:56 of 1st period - Slapshot by Mark Barberio.
7:56 of 1st period - Stopped by Troy Grosenick with a rebound.
7:58 of 1st period - Backhand shot by Austin Watson.
7:58 of 1st period - Stopped by Troy Grosenick with a rebound.
8:00 of 1st period - Snap shot by Korbinian Holzer.
8:00 of 1st period - Deflect By Anthony Duclair.
8:00 of 1st period - Stopped by Troy Grosenick with a rebound.
8:02 of 1st period - Snap shot by Austin Watson.
8:02 of 1st period - Deflect By Antoine Roussel.
8:02 of 1st period - Stopped by Troy Grosenick without a rebound.
8:03 of 1st period - Colin Wilson wins face-off versus Evgeni Malkin in Predators zone.
8:29 of 1st period - Derek Stepan is hit by Carl Soderberg and loses puck.
8:47 of 1st period - Off-side.
8:48 of 1st period - Byron Froese wins face-off versus Aleksander Barkov in neutral zone.
9:13 of 1st period - Kris Russell is hit by Kevin Connauton and loses puck.
9:40 of 1st period - Snap shot by Antoine Roussel.
9:40 of 1st period - Stopped by Troy Grosenick with a rebound.
9:46 of 1st period - Snap shot by Antoine Roussel.
9:46 of 1st period - Stopped by Troy Grosenick without a rebound.
9:47 of 1st period - Derek Stepan wins face-off versus Aleksander Barkov in Predators zone.
9:56 of 1st period - Slapshot by Ondrej Palat.
9:56 of 1st period - Shot Blocked by Jaccob Slavin.
9:58 of 1st period - Slapshot by Ondrej Palat.
9:58 of 1st period - Stopped by Troy Grosenick without a rebound.
9:59 of 1st period - Aleksander Barkov wins face-off versus Evgeni Malkin in Predators zone.
10:10 of 1st period - Snap shot by Brayden Point.
10:10 of 1st period - Stopped by Connor Hellebuyck with a rebound.
11:07 of 1st period - Snap shot by Evgeni Malkin.
11:07 of 1st period - Shot Misses the Net.
12:02 of 1st period - Off-side.
12:03 of 1st period - Aleksander Barkov wins face-off versus Blake Coleman in neutral zone.
12:28 of 1st period - Korbinian Holzer is hit by Robert Bortuzzo and loses puck.
12:33 of 1st period - Snap shot by Carl Soderberg.
12:33 of 1st period - Stopped by Connor Hellebuyck with a rebound.
12:35 of 1st period - Snap shot by Carl Soderberg.
12:35 of 1st period - Stopped by Connor Hellebuyck without a rebound.
12:36 of 1st period - Evgeni Malkin wins face-off versus Anthony Duclair in Golden Knights zone.
12:49 of 1st period - Snap shot by Evgeni Malkin.
12:49 of 1st period - Stopped by Troy Grosenick without a rebound.
12:50 of 1st period - Derek Stepan wins face-off versus Colin Wilson in Predators zone.
12:59 of 1st period - Wrist shot by Ondrej Palat.
12:59 of 1st period - Shot Hit the Post.
13:20 of 1st period - Jay Bouwmeester is hit by Ryan Pulock and loses puck.
13:39 of 1st period - Kevin Connauton is hit by Antoine Roussel and loses puck.
14:06 of 1st period - Dustin Byfuglien is hit by Brendan Lemieux and loses puck.
14:23 of 1st period - Slapshot by Sven Baertschi.
14:23 of 1st period - Shot Misses the Net.
14:25 of 1st period - Snap shot by Jaccob Slavin.
14:25 of 1st period - Shot Misses the Net.
14:41 of 1st period - Snap shot by Brock Boeser.
14:41 of 1st period - Shot Misses the Net.
14:43 of 1st period - Slapshot by Korbinian Holzer.
14:43 of 1st period - Deflect By Brayden Point.
14:43 of 1st period - Stopped by Troy Grosenick with a rebound.
14:45 of 1st period - Snap shot by Brock Boeser.
14:45 of 1st period - Deflect By Brayden Point.
14:45 of 1st period - Shot Blocked by Brayden Point.
14:45 of 1st period - Puck is out of play.
14:46 of 1st period - Patrick Marleau wins face-off versus Evgeni Malkin in Predators zone.
14:55 of 1st period - Slapshot by Carl Soderberg.
14:55 of 1st period - Goal by Carl Soderberg - Golden Knights : 0 - Predators : 1.
14:56 of 1st period - Aleksander Barkov wins face-off versus Nic Dowd in neutral zone.
16:10 of 1st period - Austin Czarnik is hit by P.K. Subban and loses puck.
16:27 of 1st period - Samuel Girard is hit by Austin Watson and loses puck.
17:07 of 1st period - Wrist shot by Brock Boeser.
17:07 of 1st period - Stopped by Troy Grosenick without a rebound.
17:08 of 1st period - Colin Wilson wins face-off versus Evgeni Malkin in Predators zone.
17:08 of 1st period - Colin Wilson is hit by Blake Coleman.
17:28 of 1st period - Wrist shot by Colin Wilson.
17:28 of 1st period - Stopped by Connor Hellebuyck without a rebound.
17:29 of 1st period - Aleksander Barkov wins face-off versus Derek Stepan in Golden Knights zone.
18:19 of 1st period - Kris Russell is hit by Robert Bortuzzo and loses puck.
18:45 of 1st period - Jay Bouwmeester is hit by Korbinian Holzer and loses puck.
19:02 of 1st period - Jay Bouwmeester is hit by Drake Caggiula and loses puck.
19:07 of 1st period - Wrist shot by Drake Caggiula.
19:07 of 1st period - Stopped by Troy Grosenick with a rebound.
19:09 of 1st period - Snap shot by Byron Froese.
19:09 of 1st period - Stopped by Troy Grosenick without a rebound.
19:10 of 1st period - Brayden Point wins face-off versus Nic Dowd in Predators zone.
19:14 of 1st period - Icing by William Nylander.
19:15 of 1st period - Nic Dowd wins face-off versus Aleksander Barkov in Predators zone.
19:30 of 1st period - Snap shot by Antoine Roussel.
19:30 of 1st period - Stopped by Troy Grosenick with a rebound.
19:57 of 1st period - Icing by Korbinian Holzer.
19:58 of 1st period - Colin Wilson wins face-off versus Byron Froese in Golden Knights zone.
19:59 of 1st period - Snap shot by Brendan Lemieux.
19:59 of 1st period - Shot Misses the Net.
Goals for this period are 0 for Golden Knights vs 1 for Predators.
Shots for this period are 21 for Golden Knights vs 8 for Predators.

2nd period


0:01 of 2nd period - Aleksander Barkov wins face-off versus Antoine Roussel in neutral zone.
0:08 of 2nd period - Snap shot by Aleksander Barkov.
0:08 of 2nd period - Shot Misses the Net.
0:14 of 2nd period - Snap shot by Aleksander Barkov.
0:14 of 2nd period - Predators goal is going for a video replay.
0:14 of 2nd period - The goal is refused. The net was displaced accidentally..
0:15 of 2nd period - Carl Soderberg wins face-off versus Evgeni Malkin in Golden Knights zone.
0:42 of 2nd period - Kris Russell is hit by Vladislav Gavrikov.
1:11 of 2nd period - Minor Penalty to Ryan Pulock for Tripping.
1:12 of 2nd period - Aleksander Barkov wins face-off versus Blake Coleman in Golden Knights zone.
1:18 of 2nd period - Snap shot by Brayden Point.
1:18 of 2nd period - Shot Blocked by P.K. Subban.
1:20 of 2nd period - Snap shot by Brayden Point.
1:20 of 2nd period - Shot Misses the Net.
1:22 of 2nd period - Snap shot by Brayden Point.
1:22 of 2nd period - Goal by Brayden Point - Golden Knights : 0 - Predators : 2.
1:23 of 2nd period - Aleksander Barkov wins face-off versus Evgeni Malkin in neutral zone.
1:37 of 2nd period - Wrist shot by Brock Boeser.
1:37 of 2nd period - Shot Misses the Net.
1:49 of 2nd period - Anthony Duclair is hit by P.K. Subban and loses puck.
2:18 of 2nd period - Snap shot by Derek Stepan.
2:18 of 2nd period - Shot Blocked by Colin Wilson.
2:30 of 2nd period - Slapshot by Korbinian Holzer.
2:30 of 2nd period - Shot Blocked by Mark Jankowski.
2:32 of 2nd period - Snap shot by Drake Caggiula.
2:32 of 2nd period - Stopped by Troy Grosenick with a rebound.
2:34 of 2nd period - Slapshot by Mark Barberio.
2:34 of 2nd period - Deflect By Drake Caggiula.
2:34 of 2nd period - Shot Blocked by Mark Jankowski.
2:34 of 2nd period - Puck is out of play.
2:35 of 2nd period - Evgeni Malkin wins face-off versus Aleksander Barkov in Predators zone.
3:01 of 2nd period - P.K. Subban is hit by Vladislav Gavrikov and loses puck.
3:10 of 2nd period - Wrist shot by Patrick Marleau.
3:10 of 2nd period - Stopped by Connor Hellebuyck with a rebound.
3:12 of 2nd period - Snap shot by Patrick Marleau.
3:12 of 2nd period - Shot Misses the Net.
3:14 of 2nd period - Wrist shot by Patrick Marleau.
3:14 of 2nd period - Stopped by Connor Hellebuyck with a rebound.
3:43 of 2nd period - Minor Penalty to Byron Froese for Holding Stick.
3:44 of 2nd period - Aleksander Barkov wins face-off versus Blake Coleman in Golden Knights zone.
4:00 of 2nd period - Snap shot by Brayden Point.
4:00 of 2nd period - Shot Misses the Net.
5:36 of 2nd period - Aleksander Barkov is hit by Austin Watson and loses puck.
5:43 of 2nd period - Penalty to Byron Froese is over, Byron Froese is back on ice.
5:47 of 2nd period - Slapshot by Aleksander Barkov.
5:47 of 2nd period - Stopped by Connor Hellebuyck without a rebound.
5:48 of 2nd period - Carl Soderberg wins face-off versus Byron Froese in Golden Knights zone.
5:51 of 2nd period - Wrist shot by Carl Soderberg.
5:51 of 2nd period - Stopped by Connor Hellebuyck with a rebound.
6:03 of 2nd period - Wrist shot by Byron Froese.
6:03 of 2nd period - Stopped by Troy Grosenick with a rebound.
6:15 of 2nd period - Jay Bouwmeester is hit by Blake Coleman and loses puck.
7:01 of 2nd period - Drake Caggiula is hit by Carl Soderberg and loses puck.
7:16 of 2nd period - Brendan Lemieux is hit by Brock Boeser and loses puck.
8:25 of 2nd period - Snap shot by Drake Caggiula.
8:25 of 2nd period - Stopped by Troy Grosenick with a rebound.
8:39 of 2nd period - Wrist shot by Aleksander Barkov.
8:39 of 2nd period - Shot Misses the Net.
8:46 of 2nd period - Icing by Mark Barberio.
8:47 of 2nd period - Nic Dowd wins face-off versus Brendan Lemieux in Golden Knights zone.
9:01 of 2nd period - Snap shot by Colin Wilson.
9:01 of 2nd period - Stopped by Connor Hellebuyck with a rebound.
9:19 of 2nd period - Wrist shot by Ondrej Palat.
9:19 of 2nd period - Stopped by Troy Grosenick with a rebound.
9:21 of 2nd period - Slapshot by Derek Stepan.
9:21 of 2nd period - Shot Misses the Net.
9:25 of 2nd period - Wrist shot by Phil Kessel.
9:25 of 2nd period - Shot Misses the Net.
9:35 of 2nd period - Snap shot by Aleksander Barkov.
9:35 of 2nd period - Stopped by Connor Hellebuyck without a rebound.
9:36 of 2nd period - Nic Dowd wins face-off versus Aleksander Barkov in Golden Knights zone.
9:59 of 2nd period - Minor Penalty to Nic Dowd for Tripping.
10:00 of 2nd period - Blake Coleman wins face-off versus Aleksander Barkov in Golden Knights zone.
10:12 of 2nd period - Off-side.
10:13 of 2nd period - Brayden Point wins face-off versus Blake Coleman in neutral zone.
10:18 of 2nd period - Snap shot by Brayden Point.
10:18 of 2nd period - Deflect By William Nylander.
10:18 of 2nd period - Stopped by Connor Hellebuyck without a rebound.
10:19 of 2nd period - Aleksander Barkov wins face-off versus Blake Coleman in Golden Knights zone.
10:22 of 2nd period - Snap shot by Brayden Point.
10:22 of 2nd period - Stopped by Connor Hellebuyck with a rebound.
10:55 of 2nd period - Wrist shot by Aleksander Barkov.
10:55 of 2nd period - Shot Misses the Net.
11:31 of 2nd period - Wrist shot by Anthony Duclair.
11:31 of 2nd period - Shot Misses the Net.
11:33 of 2nd period - Snap shot by Carl Soderberg.
11:33 of 2nd period - Shot Hit the Post.
11:35 of 2nd period - Slapshot by Jaccob Slavin.
11:35 of 2nd period - Shot Misses the Net.
11:37 of 2nd period - Wrist shot by Anthony Duclair.
11:37 of 2nd period - Stopped by Connor Hellebuyck without a rebound.
11:38 of 2nd period - Carl Soderberg wins face-off versus Blake Coleman in Golden Knights zone.
11:47 of 2nd period - Wrist shot by Patrick Marleau.
11:47 of 2nd period - Deflect By Derek Stepan.
11:47 of 2nd period - Shot Misses the Net.
11:47 of 2nd period - Puck is out of play.
11:48 of 2nd period - Blake Coleman wins face-off versus Carl Soderberg in Golden Knights zone.
11:57 of 2nd period - Derek Stepan is hit by Anthony Duclair and loses puck.
11:59 of 2nd period - Penalty to Nic Dowd is over, Nic Dowd is back on ice.
12:02 of 2nd period - Wrist shot by Carl Soderberg.
12:02 of 2nd period - Deflect By Anthony Duclair.
12:02 of 2nd period - Stopped by Connor Hellebuyck with a rebound.
13:13 of 2nd period - Snap shot by Aleksander Barkov.
13:13 of 2nd period - Deflect By Brayden Point.
13:13 of 2nd period - Shot Misses the Net.
13:13 of 2nd period - Puck is out of play.
13:14 of 2nd period - Aleksander Barkov wins face-off versus Evgeni Malkin in Golden Knights zone.
13:37 of 2nd period - Backhand shot by Aleksander Barkov.
13:37 of 2nd period - Shot Blocked by P.K. Subban.
13:39 of 2nd period - Wrist shot by William Nylander.
13:39 of 2nd period - Stopped by Connor Hellebuyck with a rebound.
13:41 of 2nd period - Snap shot by Vladislav Gavrikov.
13:41 of 2nd period - Deflect By Brayden Point.
13:41 of 2nd period - Stopped by Connor Hellebuyck without a rebound.
13:42 of 2nd period - Derek Stepan wins face-off versus Anthony Duclair in Golden Knights zone.
13:51 of 2nd period - Slapshot by Phil Kessel.
13:51 of 2nd period - Stopped by Troy Grosenick with a rebound.
13:53 of 2nd period - Slapshot by Phil Kessel.
13:53 of 2nd period - Shot Blocked by Vladislav Gavrikov.
13:55 of 2nd period - Wrist shot by Derek Stepan.
13:55 of 2nd period - Stopped by Troy Grosenick without a rebound.
13:56 of 2nd period - Aleksander Barkov wins face-off versus Derek Stepan in Predators zone.
14:11 of 2nd period - Kris Russell is hit by Jaccob Slavin and loses puck.
14:22 of 2nd period - Patrick Marleau is hit by Kris Russell and loses puck.
14:48 of 2nd period - Kris Russell is hit by Matthew Nieto and loses puck.
15:29 of 2nd period - Slapshot by Patrick Marleau.
15:29 of 2nd period - Stopped by Connor Hellebuyck without a rebound.
15:30 of 2nd period - Carl Soderberg wins face-off versus Evgeni Malkin in Golden Knights zone.
16:22 of 2nd period - Wrist shot by Austin Czarnik.
16:22 of 2nd period - Shot Misses the Net.
16:24 of 2nd period - Slapshot by Vladislav Gavrikov.
16:24 of 2nd period - Stopped by Connor Hellebuyck with a rebound.
16:26 of 2nd period - Snap shot by Sven Baertschi.
16:26 of 2nd period - Stopped by Connor Hellebuyck with a rebound.
16:30 of 2nd period - Snap shot by Sven Baertschi.
16:30 of 2nd period - Shot Misses the Net.
16:32 of 2nd period - Snap shot by Austin Czarnik.
16:32 of 2nd period - Shot Blocked by Ondrej Palat.
16:44 of 2nd period - Snap shot by Colin Wilson.
16:44 of 2nd period - Stopped by Connor Hellebuyck with a rebound.
16:46 of 2nd period - Slapshot by Brendan Lemieux.
16:46 of 2nd period - Stopped by Connor Hellebuyck with a rebound.
16:48 of 2nd period - Wrist shot by Matthew Nieto.
16:48 of 2nd period - Stopped by Connor Hellebuyck with a rebound.
16:50 of 2nd period - Snap shot by Vladislav Gavrikov.
16:50 of 2nd period - Stopped by Connor Hellebuyck without a rebound.
16:51 of 2nd period - William Nylander wins face-off versus Evgeni Malkin in Golden Knights zone.
17:04 of 2nd period - Snap shot by Aleksander Barkov.
17:04 of 2nd period - Stopped by Connor Hellebuyck without a rebound.
17:05 of 2nd period - Evgeni Malkin wins face-off versus Aleksander Barkov in Golden Knights zone.
17:05 of 2nd period - Evgeni Malkin is hit by Brayden Point.
17:16 of 2nd period - Off-side.
17:17 of 2nd period - Aleksander Barkov wins face-off versus Evgeni Malkin in neutral zone.
17:20 of 2nd period - Snap shot by Aleksander Barkov.
17:20 of 2nd period - Stopped by Connor Hellebuyck with a rebound.
17:22 of 2nd period - Slapshot by Samuel Girard.
17:22 of 2nd period - Deflect By Evgeni Malkin.
17:22 of 2nd period - Stopped by Connor Hellebuyck without a rebound.
17:23 of 2nd period - Evgeni Malkin wins face-off versus Aleksander Barkov in Golden Knights zone.
17:28 of 2nd period - Wrist shot by Evgeni Malkin.
17:28 of 2nd period - Deflect By Brock Boeser.
17:28 of 2nd period - Stopped by Troy Grosenick without a rebound.
17:29 of 2nd period - Evgeni Malkin wins face-off versus Aleksander Barkov in Predators zone.
17:32 of 2nd period - Snap shot by Evgeni Malkin.
17:32 of 2nd period - Stopped by Troy Grosenick with a rebound.
17:36 of 2nd period - Wrist shot by Evgeni Malkin.
17:36 of 2nd period - Deflect By Aleksander Barkov.
17:36 of 2nd period - Shot Misses the Net.
17:36 of 2nd period - Puck is out of play.
17:37 of 2nd period - Evgeni Malkin wins face-off versus Aleksander Barkov in Predators zone.
17:48 of 2nd period - Wrist shot by Brock Boeser.
17:48 of 2nd period - Shot Blocked by Brayden Point.
17:50 of 2nd period - Wrist shot by Blake Coleman.
17:50 of 2nd period - Goal by Blake Coleman - Golden Knights : 1 - Predators : 2.
17:51 of 2nd period - Derek Stepan wins face-off versus Aleksander Barkov in neutral zone.
17:54 of 2nd period - Vladislav Gavrikov is hit by Phil Kessel and loses puck.
18:03 of 2nd period - Derek Stepan is hit by William Nylander.
18:15 of 2nd period - Minor Penalty to William Nylander for Cross-checking.
18:16 of 2nd period - Austin Czarnik wins face-off versus Evgeni Malkin in Predators zone.
19:24 of 2nd period - Slapshot by Dustin Byfuglien.
19:24 of 2nd period - Deflect By Blake Coleman.
19:24 of 2nd period - Shot Misses the Net.
19:24 of 2nd period - Puck is out of play.
19:25 of 2nd period - Evgeni Malkin wins face-off versus Colin Wilson in Predators zone.
Goals for this period are 1 for Golden Knights vs 1 for Predators.
Shots for this period are 9 for Golden Knights vs 24 for Predators.

3rd period


0:01 of 3rd period - Evgeni Malkin wins face-off versus Austin Czarnik in neutral zone.
0:15 of 3rd period - Penalty to William Nylander is over, William Nylander is back on ice.
0:40 of 3rd period - Wrist shot by William Nylander.
0:40 of 3rd period - Stopped by Connor Hellebuyck without a rebound.
0:41 of 3rd period - Evgeni Malkin wins face-off versus Carl Soderberg in Golden Knights zone.
1:06 of 3rd period - Derek Stepan is hit by Jaccob Slavin and loses puck.
1:25 of 3rd period - Icing by Samuel Girard.
1:26 of 3rd period - Aleksander Barkov wins face-off versus Nic Dowd in Predators zone.
2:53 of 3rd period - Drake Caggiula is hit by William Nylander.
3:54 of 3rd period - Antoine Roussel is hit by William Nylander and loses puck.
4:19 of 3rd period - Snap shot by Drake Caggiula.
4:19 of 3rd period - Deflect By Kevin Connauton.
4:19 of 3rd period - Stopped by Troy Grosenick with a rebound.
4:21 of 3rd period - Slapshot by Mark Barberio.
4:21 of 3rd period - Stopped by Troy Grosenick with a rebound.
4:23 of 3rd period - Snap shot by Daniel O'Regan.
4:23 of 3rd period - Stopped by Troy Grosenick with a rebound.
4:25 of 3rd period - Snap shot by Korbinian Holzer.
4:25 of 3rd period - Stopped by Troy Grosenick without a rebound.
4:26 of 3rd period - Carl Soderberg wins face-off versus Evgeni Malkin in Predators zone.
5:22 of 3rd period - Wrist shot by Nic Dowd.
5:22 of 3rd period - Shot Misses the Net.
6:23 of 3rd period - Korbinian Holzer is hit by Brendan Lemieux and loses puck.
6:58 of 3rd period - Korbinian Holzer is hit by Sven Baertschi and loses puck.
7:11 of 3rd period - Sven Baertschi is hit by Drake Caggiula and loses puck.
7:21 of 3rd period - Icing by Mark Jankowski.
7:22 of 3rd period - Carl Soderberg wins face-off versus Evgeni Malkin in Predators zone.
7:31 of 3rd period - Wrist shot by Anthony Duclair.
7:31 of 3rd period - Shot Misses the Net.
7:46 of 3rd period - Off-side.
7:47 of 3rd period - Aleksander Barkov wins face-off versus Nic Dowd in neutral zone.
8:34 of 3rd period - Colin Wilson is hit by P.K. Subban and loses puck.
8:43 of 3rd period - Wrist shot by Evgeni Malkin.
8:43 of 3rd period - Stopped by Troy Grosenick without a rebound.
8:44 of 3rd period - Nic Dowd wins face-off versus Aleksander Barkov in Predators zone.
8:56 of 3rd period - Icing by Jaccob Slavin.
8:57 of 3rd period - Aleksander Barkov wins face-off versus Evgeni Malkin in Predators zone.
8:57 of 3rd period - Aleksander Barkov is hit by Blake Coleman.
9:59 of 3rd period - Snap shot by Anthony Duclair.
9:59 of 3rd period - Stopped by Connor Hellebuyck with a rebound.
10:16 of 3rd period - Minor Penalty to Austin Czarnik for Holding.
10:17 of 3rd period - Derek Stepan wins face-off versus Mark Jankowski in Predators zone.
10:21 of 3rd period - Wrist shot by Brock Boeser.
10:21 of 3rd period - Shot Misses the Net.
10:23 of 3rd period - Slapshot by Dustin Byfuglien.
10:23 of 3rd period - Stopped by Troy Grosenick with a rebound.
10:25 of 3rd period - Slapshot by Brock Boeser.
10:25 of 3rd period - Stopped by Troy Grosenick without a rebound.
10:26 of 3rd period - Mark Jankowski wins face-off versus Derek Stepan in Predators zone.
10:35 of 3rd period - Dustin Byfuglien is hit by Jay Bouwmeester and loses puck.
10:48 of 3rd period - Icing by P.K. Subban.
10:49 of 3rd period - Derek Stepan wins face-off versus Brayden Point in Golden Knights zone.
12:16 of 3rd period - Penalty to Austin Czarnik is over, Austin Czarnik is back on ice.
12:25 of 3rd period - Minor Penalty to Brendan Lemieux for Boarding.
12:26 of 3rd period - Austin Czarnik wins face-off versus Phil Kessel in Predators zone.
13:59 of 3rd period - Ondrej Palat is hit by Jay Bouwmeester.
14:25 of 3rd period - Penalty to Brendan Lemieux is over, Brendan Lemieux is back on ice.
14:43 of 3rd period - Kevin Connauton is hit by Daniel O'Regan and loses puck.
14:58 of 3rd period - Snap shot by Anthony Duclair.
14:58 of 3rd period - Stopped by Connor Hellebuyck without a rebound.
14:59 of 3rd period - Nic Dowd wins face-off versus Aleksander Barkov in Golden Knights zone.
14:59 of 3rd period - Nic Dowd is hit by Aleksander Barkov.
15:11 of 3rd period - Snap shot by Antoine Roussel.
15:11 of 3rd period - Shot Blocked by Samuel Girard.
15:37 of 3rd period - Evgeni Malkin is hit by Mark Jankowski and loses puck.
15:54 of 3rd period - Slapshot by Anthony Duclair.
15:54 of 3rd period - Stopped by Connor Hellebuyck with a rebound.
16:55 of 3rd period - Carl Soderberg is hit by Korbinian Holzer and loses puck.
17:18 of 3rd period - Sven Baertschi is hit by Ryan Pulock and loses puck.
17:35 of 3rd period - Snap shot by Aleksander Barkov.
17:35 of 3rd period - Shot Misses the Net.
19:20 of 3rd period - Slapshot by Brendan Lemieux.
19:20 of 3rd period - Shot Misses the Net.
19:22 of 3rd period - Slapshot by Vladislav Gavrikov.
19:22 of 3rd period - Stopped by Connor Hellebuyck without a rebound.
19:23 of 3rd period - Travis Green call a timeout for Golden Knights.
19:23 of 3rd period - Evgeni Malkin wins face-off versus Colin Wilson in Golden Knights zone.
19:28 of 3rd period - Golden Knights, Connor Hellebuyck is pulled from the net.
19:36 of 3rd period - Wrist shot by Jay Bouwmeester.
19:36 of 3rd period - Goal by Jay Bouwmeester - Golden Knights : 1 - Predators : 3.
19:36 of 3rd period - Connor Hellebuyck from Golden Knights was sent back in the game.
19:37 of 3rd period - Nic Dowd wins face-off versus Brendan Lemieux in neutral zone.
19:40 of 3rd period - Wrist shot by Dustin Byfuglien.
19:40 of 3rd period - Shot Blocked by Samuel Girard.
19:46 of 3rd period - Snap shot by Antoine Roussel.
19:46 of 3rd period - Stopped by Troy Grosenick with a rebound.
19:48 of 3rd period - Wrist shot by Nic Dowd.
19:48 of 3rd period - Shot Misses the Net.
Goals for this period are 0 for Golden Knights vs 1 for Predators.
Shots for this period are 8 for Golden Knights vs 6 for Predators.